| TOP OF THE 1ST |
|
Frisco RoughRiders batting - Pitching for Jackson Generals : RHP Justin Lee
|
|
Pitching: RHP Justin Lee
|
|
|
Batting: RHB Nate Taylor
|
0-0: Ball 1-0: Ball 2-0: Fly out, F8 (Flyball, 8LXD, EV 96.9 MPH)
|
|
Batting: LHB Gabriel Graves
|
0-0: Called Strike 0-1: Ball 1-1: Fly out, F8 (Flyball, 8LD, EV 94.4 MPH)
|
|
Batting: LHB Alfonso Collazo
|
0-0: Called Strike 0-1: Ground out 4-3 (Groundball, 34, EV 86.9 MPH)
|
| Top of the 1st over - 0 runs, 0 hits, 0 errors, 0 left on base; Frisco 0 - Jackson 0 |
| BOTTOM OF THE 1ST |
|
Jackson Generals batting - Pitching for Frisco RoughRiders : RHP Jeff Kidd
|
|
Pitching: RHP Jeff Kidd
|
|
|
Batting: RHB Malik Brookshire
|
0-0: Ball 1-0: Foul Ball, location: 2F 1-1: Swinging Strike 1-2: Strikes out looking
|
|
Batting: LHB Ignacio Bernal
|
0-0: Ground out 4-3 (Groundball, 4, EV 99.4 MPH)
|
|
Batting: LHB Cliff Thomas
|
0-0: Ball 1-0: Foul Ball, location: 2F 1-1: Ground out 5-3 (Groundball, 6S, EV 78.1 MPH)
|
| Bottom of the 1st over - 0 runs, 0 hits, 0 errors, 0 left on base; Frisco 0 - Jackson 0 |
| TOP OF THE 2ND |
|
Frisco RoughRiders batting - Pitching for Jackson Generals : RHP Justin Lee
|
|
Batting: LHB Justin Balthazor
|
0-0: Ball 1-0: Called Strike 1-1: SINGLE (Groundball, 4MD, EV 95.0 MPH)
|
|
Batting: RHB Dale Aubrey
|
0-0: Ball 1-0: Swinging Strike 1-1: Foul Ball, location: 2F 1-2: Ball 2-2: Ball 3-2: Fly out, F8 (Flyball, 8RXD, EV 96.9 MPH)
|
|
Batting: RHB Rick Concha
|
0-0: Swinging Strike 0-1: Ball 1-1: Called Strike 1-2: Grounds into double play, 6-4-3 (Groundball, 6, EV 83.1 MPH)
|
| Top of the 2nd over - 0 runs, 1 hit, 0 errors, 0 left on base; Frisco 0 - Jackson 0 |
| BOTTOM OF THE 2ND |
|
Jackson Generals batting - Pitching for Frisco RoughRiders : RHP Jeff Kidd
|
|
Batting: LHB Tom Reynolds
|
0-0: Fly out, F7 (Flyball, 7D, EV 94.4 MPH)
|
|
Batting: LHB Dwain Ashford
|
0-0: Swinging Strike 0-1: Fly out, F4 (Line Drive, 4, EV 68.8 MPH)
|
|
Batting: RHB Harutomi Matsubara
|
0-0: Called Strike 0-1: Fly out, F9 (Flyball, 9LM, EV 83.8 MPH)
|
| Bottom of the 2nd over - 0 runs, 0 hits, 0 errors, 0 left on base; Frisco 0 - Jackson 0 |
| TOP OF THE 3RD |
|
Frisco RoughRiders batting - Pitching for Jackson Generals : RHP Justin Lee
|
|
Batting: RHB Brandon Davis
|
0-0: Ground out 5-3 (Groundball, 6S, EV 75.0 MPH)
|
|
Batting: RHB Salamander Hed
|
0-0: Ball 1-0: Ball 2-0: Hit by Pitch
|
|
Batting: RHB Daniel Barger
|
0-0: Called Strike 0-1: Foul Ball, location: 2F 0-2: Strikes out swinging
|
|
Batting: RHB Nate Taylor
|
0-0: Foul Ball, location: 2F 0-1: Ball 1-1: Foul Ball, location: 2F 1-2: SINGLE (Groundball, 56S, EV 71.9 MPH) (infield hit) Salamander Hed to second
|
|
Batting: LHB Gabriel Graves
|
0-0: Foul Ball, location: 2F 0-1: Ball 1-1: Ground out 3-1 (Groundball, 34, EV 88.1 MPH)
|
| Top of the 3rd over - 0 runs, 1 hit, 0 errors, 2 left on base; Frisco 0 - Jackson 0 |
| BOTTOM OF THE 3RD |
|
Jackson Generals batting - Pitching for Frisco RoughRiders : RHP Jeff Kidd
|
|
Batting: LHB Justin Long
|
0-0: Ball 1-0: Swinging Strike 1-1: Foul Ball, location: 2F 1-2: Ground out U3 (Groundball, 3, EV 83.8 MPH)
|
|
Batting: RHB Micah Roth
|
0-0: Called Strike 0-1: Reached on error, E3 (Groundball, 34, EV 97.5 MPH)
|
|
Batting: RHB Jesus Torres
|
0-0: Ball Micah Roth steals 2nd base 1-0: Foul Ball, location: 2F 1-1: Swinging Strike 1-2: Ball 2-2: Ball 3-2: Reached via error on a dropped throw from C, E3 (Groundball, 2R, EV 67.5 MPH) Micah Roth to third
|
|
Batting: RHB Malik Brookshire
|
0-0: Ball 1-0: Swinging Strike 1-1: Ball 2-1: Foul Ball, location: 2F 2-2: Ball 3-2: Fielders Choice at 2nd, 1-4 (Groundball, P, EV 65.6 MPH)
|
|
Batting: LHB Ignacio Bernal
|
0-0: Ball Balk! Micah Roth scores Malik Brookshire to second 1-0: SINGLE (Line Drive, 34D, EV 100.0 MPH) Malik Brookshire to third Runner from 3rd tries for Home, SAFE, throw by RF to home
|
|
Batting: LHB Cliff Thomas
|
0-0: Ball Ignacio Bernal is caught stealing 2nd base 2-6
|
| Bottom of the 3rd over - 2 runs, 1 hit, 2 errors, 0 left on base; Frisco 0 - Jackson 2 |
| TOP OF THE 4TH |
|
Frisco RoughRiders batting - Pitching for Jackson Generals : RHP Justin Lee
|
|
Batting: LHB Alfonso Collazo
|
0-0: Called Strike 0-1: Swinging Strike 0-2: Ground out 6-3 (Groundball, 4, EV 91.2 MPH)
|
|
Batting: LHB Justin Balthazor
|
0-0: Ball 1-0: Ball 2-0: Foul Ball, location: 2F 2-1: Called Strike 2-2: Ball 3-2: Fly out, F7 (Flyball, 7, EV 78.8 MPH)
|
|
Batting: RHB Dale Aubrey
|
0-0: Called Strike 0-1: Foul Ball, location: 2F 0-2: Ball 1-2: Ball 2-2: Strikes out swinging
|
| Top of the 4th over - 0 runs, 0 hits, 0 errors, 0 left on base; Frisco 0 - Jackson 2 |
| BOTTOM OF THE 4TH |
|
Jackson Generals batting - Pitching for Frisco RoughRiders : RHP Jeff Kidd
|
|
Batting: LHB Cliff Thomas
|
0-0: Ball 1-0: Foul Ball, location: 2F 1-1: Ball 2-1: Ball 3-1: Fly out, F7 (Flyball, 7LM, EV 86.2 MPH)
|
|
Batting: LHB Tom Reynolds
|
0-0: Ball 1-0: Ball 2-0: Ball 3-0: Base on Balls
|
|
Batting: LHB Dwain Ashford
|
0-0: Fielders Choice at 2nd, 2-4 (Groundball, 2L, EV 63.8 MPH)
|
|
Batting: RHB Harutomi Matsubara
|
0-0: SINGLE (Line Drive, 56D, EV 95.6 MPH) Dwain Ashford to second
|
|
Batting: LHB Justin Long
|
0-0: Swinging Strike 0-1: Ball 1-1: Foul Ball, location: 2F 1-2: Ball 2-2: Foul Ball, location: 2F 2-2: Strikes out swinging
|
| Bottom of the 4th over - 0 runs, 1 hit, 0 errors, 2 left on base; Frisco 0 - Jackson 2 |
| TOP OF THE 5TH |
|
Frisco RoughRiders batting - Pitching for Jackson Generals : RHP Justin Lee
|
|
Batting: RHB Rick Concha
|
0-0: Ground out 6-3 (Groundball, 6M, EV 101.2 MPH)
|
|
Batting: RHB Brandon Davis
|
0-0: Swinging Strike 0-1: Swinging Strike 0-2: Ball 1-2: Strikes out swinging
|
|
Batting: RHB Salamander Hed
|
0-0: Ball 1-0: Ball 2-0: Swinging Strike 2-1: Fly out, F3 (Popup, 34, EV 67.5 MPH)
|
| Top of the 5th over - 0 runs, 0 hits, 0 errors, 0 left on base; Frisco 0 - Jackson 2 |
| BOTTOM OF THE 5TH |
|
Jackson Generals batting - Pitching for Frisco RoughRiders : RHP Jeff Kidd
|
|
Batting: RHB Micah Roth
|
0-0: Ball 1-0: Fly out, F9 (Flyball, 9LM, EV 85.0 MPH)
|
|
Batting: RHB Jesus Torres
|
0-0: Ball 1-0: Foul Ball, location: 2F 1-1: Ball 2-1: Foul Ball, location: 2F 2-2: Foul Ball, location: 2F 2-2: Strikes out swinging
|
|
Batting: RHB Malik Brookshire
|
0-0: Ball 1-0: Ball 2-0: Ball 3-0: Called Strike 3-1: Foul Ball, location: 2F 3-2: Strikes out swinging
|
| Bottom of the 5th over - 0 runs, 0 hits, 0 errors, 0 left on base; Frisco 0 - Jackson 2 |
| TOP OF THE 6TH |
|
Frisco RoughRiders batting - Pitching for Jackson Generals : RHP Justin Lee
|
|
Batting: RHB Daniel Barger
|
0-0: Foul Ball, location: 2F 0-1: Swinging Strike 0-2: Foul Ball, location: 2F 0-2: Fly out, F6 (Flyball, 56D, EV 81.2 MPH)
|
|
Batting: RHB Nate Taylor
|
0-0: DOUBLE (Line Drive, 9LM, EV 95.0 MPH)
|
|
Batting: LHB Gabriel Graves
|
0-0: Swinging Strike 0-1: Ball 1-1: Ball 2-1: Ball Nate Taylor steals 3rd base 3-1: Fly out, F9 (Flyball, 9S, EV 89.4 MPH)
|
|
Batting: LHB Alfonso Collazo
|
0-0: Ball 1-0: Ball 2-0: Swinging Strike 2-1: Ball 3-1: Called Strike 3-2: Ground out U3 (Groundball, 34, EV 90.6 MPH)
|
| Top of the 6th over - 0 runs, 1 hit, 0 errors, 1 left on base; Frisco 0 - Jackson 2 |
| BOTTOM OF THE 6TH |
|
Jackson Generals batting - Pitching for Frisco RoughRiders : RHP Jeff Kidd
|
|
Batting: LHB Ignacio Bernal
|
0-0: Called Strike 0-1: Ball 1-1: Swinging Strike 1-2: Foul Ball, location: 2F 1-2: Ground out 6-3 (Groundball, 6, EV 91.9 MPH)
|
|
Batting: LHB Cliff Thomas
|
0-0: Ball 1-0: Ground out 6-3 (Groundball, 4, EV 92.5 MPH)
|
|
Batting: LHB Tom Reynolds
|
0-0: Ball 1-0: Ground out 1-3 (Groundball, 15S, EV 75.6 MPH)
|
| Bottom of the 6th over - 0 runs, 0 hits, 0 errors, 0 left on base; Frisco 0 - Jackson 2 |
| TOP OF THE 7TH |
|
Frisco RoughRiders batting - Pitching for Jackson Generals : RHP Justin Lee
|
|
Batting: LHB Justin Balthazor
|
0-0: Ball 1-0: Foul Ball, location: 2F 1-1: Swinging Strike 1-2: SOLO HOME RUN (Flyball, 89XD, EV 110.6 MPH), Distance : 433 ft
|
|
Batting: RHB Dale Aubrey
|
0-0: Foul Ball, location: 2F 0-1: Ball 1-1: Swinging Strike 1-2: Fly out, F7 (Flyball, 7S, EV 72.5 MPH)
|
|
Pitching: RHP Kurt Loscalzo
|
|
|
Batting: RHB Rick Concha
|
0-0: Called Strike 0-1: Swinging Strike 0-2: Ball 1-2: Ball 2-2: Fly out, F9 (Flyball, 9LS, EV 92.5 MPH)
|
|
Batting: RHB Brandon Davis
|
0-0: Called Strike 0-1: Ball 1-1: Foul Ball, location: 2F 1-2: Foul Ball, location: 2F 1-2: Strikes out swinging
|
| Top of the 7th over - 1 run, 1 hit, 0 errors, 0 left on base; Frisco 1 - Jackson 2 |
| BOTTOM OF THE 7TH |
|
Jackson Generals batting - Pitching for Frisco RoughRiders : RHP Jeff Kidd
|
|
Batting: LHB Dwain Ashford
|
0-0: Ball 1-0: Called Strike 1-1: SINGLE (Line Drive, 4M, EV 98.8 MPH)
|
|
Batting: RHB Harutomi Matsubara
|
0-0: Sac Bunt to 23 - play at first, batter safe! Dwain Ashford to second
|
|
Batting: LHB Justin Long
|
0-0: Ball 1-0: Ball 2-0: Foul Ball, location: 2F 2-1: Ball 3-1: Called Strike 3-2: Grounds into double play, 6-4-3 (Groundball, 6, EV 86.2 MPH) Dwain Ashford to third
|
|
Batting: RHB Micah Roth
|
0-0: Called Strike 0-1: SINGLE (Line Drive, 4D, EV 101.2 MPH) Dwain Ashford scores
|
|
Batting: RHB Jesus Torres
|
0-0: Foul Ball, location: 2F 0-1: Reached on error, E4 (Groundball, 4MD, EV 87.5 MPH) Micah Roth to second
|
|
Batting: RHB Malik Brookshire
|
0-0: Ball 1-0: Called Strike 1-1: Ball 2-1: Fielders Choice at 2nd, 6-4 (Groundball, 6, EV 86.2 MPH)
|
| Bottom of the 7th over - 1 run, 3 hits, 1 error, 2 left on base; Frisco 1 - Jackson 3 |
| TOP OF THE 8TH |
|
Frisco RoughRiders batting - Pitching for Jackson Generals : RHP Kurt Loscalzo
|
|
Batting: RHB Salamander Hed
|
0-0: Ball 1-0: Ball 2-0: Foul Ball, location: 2F 2-1: Foul Ball, location: 2F 2-2: SOLO HOME RUN (Flyball, 9LD, EV 95.0 MPH), Distance : 351 ft
|
|
Pinch Hitting: LHB Antonio Domingues
|
0-0: Swinging Strike 0-1: Foul Ball, location: 2F 0-2: Ball 1-2: Ball 2-2: Foul Ball, location: 2F 2-2: Ball 3-2: Strikes out looking
|
|
Batting: RHB Nate Taylor
|
0-0: Called Strike 0-1: SINGLE (Groundball, 25, EV 66.9 MPH) (infield hit)
|
|
Pitching: LHP Matt Purke Jr.
|
|
|
Batting: RHB George King
|
0-0: Ball 1-0: Called Strike Nate Taylor is caught stealing 2nd base 2-4 1-1: Ball 2-1: Foul Ball, location: 2F 2-2: Strikes out looking
|
| Top of the 8th over - 1 run, 2 hits, 0 errors, 0 left on base; Frisco 2 - Jackson 3 |
| BOTTOM OF THE 8TH |
|
Jackson Generals batting - Pitching for Frisco RoughRiders : RHP Jeff Kidd
|
|
Now at 3B: Shoh Tanioka
|
|
|
Batting: LHB Ignacio Bernal
|
0-0: Ball 1-0: Ball 2-0: Ground out 6-3 (Groundball, 6M, EV 80.6 MPH)
|
|
Batting: LHB Cliff Thomas
|
0-0: Ball 1-0: Called Strike 1-1: Ground out 4-3 (Groundball, 4, EV 84.4 MPH)
|
|
Batting: LHB Tom Reynolds
|
0-0: Swinging Strike 0-1: Foul Ball, location: 2F 0-2: Strikes out looking
|
| Bottom of the 8th over - 0 runs, 0 hits, 0 errors, 0 left on base; Frisco 2 - Jackson 3 |
| TOP OF THE 9TH |
|
Frisco RoughRiders batting - Pitching for Jackson Generals : LHP Matt Purke Jr.
|
|
Pitching: RHP Victor Cervantes
|
|
|
Batting: LHB Alfonso Collazo
|
0-0: Called Strike 0-1: Ground out 4-3 (Groundball, 34, EV 106.2 MPH)
|
|
Batting: LHB Justin Balthazor
|
0-0: Ball 1-0: Ball 2-0: Ball 3-0: Base on Balls
|
|
Pinch Hitting: LHB Mike Sammons
|
0-0: Ball 1-0: Fielders Choice at 2nd, 6-4 (Groundball, 6, EV 86.2 MPH)
|
|
Batting: RHB Rick Concha
|
0-0: Ball 1-0: Ball Mike Sammons steals 2nd base 2-0: Ball 3-0: Called Strike 3-1: Foul Ball, location: 2F 3-2: Fly out, F6 (Line Drive, 6, EV 68.1 MPH)
|
| Top of the 9th over - 0 runs, 0 hits, 0 errors, 1 left on base; Frisco 2 - Jackson 3 |
|